 Dungeon Crawl Stone Soup version 0.21.1-1-g345015f (webtiles) character file.

7242 rgaf the Cleaver (level 11, -17/127 HPs)
             Began as a Barachi Berserker on Feb 10, 2018.
             Was a High Priest of Trog.
             Demolished by Stanislov's ghost (21 damage)
             ... on level 10 of the Dungeon.
             The game lasted 00:10:47 (10887 turns).

rgaf the Cleaver (Barachi Berserker)               Turns: 10887, Time: 00:10:48

Health: -17/127    AC: 19    Str: 26    XL:     11   Next: 12%
Magic:  3/3        EV:  8    Int:  8    God:    Trog [*****.]
Gold:   40         SH:  0    Dex: 12    Spells: 10/10 levels left

rFire    + . .     SeeInvis .   P - +7 executioner's axe (antimagic)
rCold    . . .     Gourm    .   (shield currently unavailable)
rNeg     . . .     Faith    .   t - +0 plate armour
rPois    +         Spirit   .   R - +1 helmet
rElec    .         Reflect  .   (no cloak)
rCorr    .         Harm     .   (no gloves)
MR       .....                  J - +1 pair of boots {run}
Stlth    ..........             (no amulet)
HPRegen  0.31/turn              f - ring of protection from fire
MPRegen  0.08/turn              u - ring of poison resistance

@: berserking (expiring), very quick
A: +LOS, swims, slowness 1, strong legs 1
a: Hop, Berserk, Trog's Hand, Brothers in Arms, Burn Spellbooks, Renounce
Religion


You were on level 10 of the Dungeon.
You worshipped Trog.
Trog was extremely pleased with you.
You were very hungry.

You visited 1 branch of the dungeon, and saw 10 of its levels.
You also visited: Ossuary.

You collected 716 gold pieces.
You spent 676 gold pieces at shops.

Inventory:

Hand Weapons
 a - a +0 hand axe
 n - a +1 battleaxe
 z - a +2 vampiric hand axe
 P - a +7 antimagic executioner's axe (weapon)
Missiles
 r - 2 throwing nets (quivered)
Armour
 b - a +0 animal skin
 t - a +0 plate armour (worn)
 G - a +4 plate armour of ponderousness
 J - a +1 pair of boots of running (worn)
 R - a +1 helmet (worn)
Jewellery
 f - a ring of protection from fire (left hand)
 u - a ring of poison resistance (right hand)
 L - the cursed necklace of Bloodlust {*Rage +Rage MR++ Int-3 Slay+6 *Curse}
   (You found it on level 8 of the Dungeon)

   [amulet of rage]

   It affects your intelligence (-3).
   It affects your accuracy and damage with ranged weapons and melee attacks
   (+6).
   It affects your resistance to hostile enchantments.
   It lets you go berserk.
   It may make you go berserk in combat.
   It curses itself when equipped.
   It has a curse placed upon it.
 Q - an uncursed ring of flight {unknown}
Wands
 w - a wand of flame (14)
 D - a wand of paralysis (13)
 E - a wand of clouds (4)
 F - a wand of scattershot (3)
 K - a wand of acid (7)
 M - a wand of digging (14)
Scrolls
 d - 4 scrolls of magic mapping {unknown}
 e - 3 scrolls of noise {unknown}
 g - 3 scrolls of random uselessness {unknown}
 j - 5 scrolls of remove curse
 k - 11 scrolls of identify
 o - 5 scrolls of teleportation {unknown}
 p - 2 scrolls of fear {unknown}
 v - 3 scrolls of enchant weapon {unknown}
 y - 4 scrolls of fog {unknown}
 A - a scroll of immolation {unknown}
 B - 3 scrolls of enchant armour {unknown}
 O - a scroll of amnesia {unknown}
Potions
 h - 4 potions of curing
 i - a potion of flight {unknown}
 l - a potion of agility {unknown}
 m - a potion of degeneration {unknown}
 q - 3 potions of cancellation {unknown}
 s - 2 potions of resistance {unknown}
 x - a potion of magic {unknown}
 C - 3 potions of brilliance {unknown}
 I - 2 potions of ambrosia {unknown}
 N - a potion of might {unknown}
Books
 H - a book of Callings

   Spells                             Type                      Level
   a - Summon Small Mammal            Summoning                    1
   b - Call Imp                       Summoning                    2
   c - Call Canine Familiar           Summoning                    3
   d - Summon Guardian Golem          Hexes/Summoning              3
   e - Summon Lightning Spire         Summoning/Air                4
   f - Summon Ice Beast               Ice/Summoning                4
   Trog disapproves of the use of such an item.
 S - the Disquisition on Conjuration
   (You found it on level 9 of the Dungeon)

   Spells                             Type                      Level
   a - Shock                          Conjuration/Air              1
   b - Lightning Bolt                 Conjuration/Air              5
   Trog disapproves of the use of such an item.
Comestibles
 c - 17 rations


   Skills:
 + Level 7.7 Fighting
 + Level 14.5 Axes
 * Level 9.8 Armour
 - Level 2.1 Dodging


You had 10 spell levels left.
You didn't know any spells.

Dungeon Overview and Level Annotations

Branches:
Dungeon (10/15)            Temple (0/1) D:4            Lair (0/6) D:8
    Orc (0/2) D:9

Altars:
Ashenzari
Cheibriados
Dithmenos
Fedhas
Gozag
Kikubaaqudgha
Okawaru
Ru
Sif Muna
Vehumet
Wu Jian
Zin
The Shining One

Shops:
D:6 :   D:7 [   D:9 *:

Annotations:
D:7 2 transporters
D:10 Stanislov's ghost, journeyman MiBe


Innate Abilities, Weirdness & Mutations

Shadows flee at your approach. (+LOS)
You can swim through water.
You cover ground slowly.
You can hop short distances.


Message History

You slash Stanislov's ghost!
Stanislov's ghost is heavily damaged.
Stanislov's ghost hits you but does no damage.
You closely miss Stanislov's ghost.
Stanislov's ghost is heavily damaged.
Stanislov's ghost hits you!!
You closely miss Stanislov's ghost.
Stanislov's ghost is heavily damaged.
Stanislov's ghost hits you!!
* * * LOW HITPOINT WARNING * * *
You hit Stanislov's ghost.
Stanislov's ghost is heavily damaged.
Stanislov's ghost screams, "You will join me soon!"
Stanislov's ghost hits you but does no damage.
You are electrocuted!
* * * LOW HITPOINT WARNING * * *
You slice Stanislov's ghost!!
Stanislov's ghost is almost destroyed.
Stanislov's ghost hits you!!
You die...

... #.# #.# . #.# ..
######.##.. ..
........ ##..#
.#.#####.##.# ....#
........)..W##....##!
.#.#####)##.@)Z......
#(#...#....##.
#.#####)).........#
#...<..(.......##..#
##########.###..# ..
..# ...# #.# .... .+#
.## . ..


You could see Stanislov's ghost and a centaur skeleton.

Vanquished Creatures
  3 two-headed ogres (D:8)
  A troll (D:8)
  3 wyverns
  A steam dragon (D:8)
  3 vampire mosquitoes (D:10)
  2 orc warriors
  A black bear (D:9)
  2 sky beasts
  3 ice beasts
  2 phantoms
  The ghost of Stanislov the Chopper, an amateur HOFi of Fedhas (D:4)
  3 ogres
  2 centaurs
  2 crocodiles (D:8)
  3 big kobolds
  2 bullfrogs (D:9)
  A wyvern skeleton (D:8)
  3 scorpions
  6 killer bees
  4 wights
  A howler monkey (D:8)
  2 centaur zombies
  2 crimson imps
  7 hounds
  4 jellies
  10 orc wizards
  3 orc priests
  2 bullfrog skeletons
  A centaur skeleton (D:10)
  Jessica (D:2)
  Terence (D:2)
  3 iguanas
  7 worker ants
  4 big kobold zombies (Ossuary)
  A hound skeleton (D:5)
  2 mummies (Ossuary)
  Robin (D:4)
  8 adders
  3 shadow imps
  A white imp (D:4)
  5 oozes (D:8)
  An adder zombie (D:5)
  2 worms
  3 dart slugs
  7 leopard geckos
  37 orcs
  12 bats
  3 giant cockroaches
  A gnoll zombie (Ossuary)
  18 goblins
  10 hobgoblins
  2 jackals (D:4)
  36 kobolds
  5 quokkas
  3 ball pythons
  5 frilled lizards
  2 goblin skeletons (D:4)
  5 goblin zombies
  7 hobgoblin zombies
  2 jackal skeletons (D:6)
  A kobold skeleton (D:4)
  2 kobold zombies (D:4)
  2 orc zombies
  10 rats
  5 plants (D:6)
298 creatures vanquished.

Vanquished Creatures (others)
  4 toadstools (D:1)
4 creatures vanquished.

Grand Total: 302 creatures vanquished

Notes
Turn   | Place    | Note
-------+----------+-------------------------------------------
     0 | D:1      | rgaf the Barachi Berserker began the quest for the Orb.
     0 | D:1      | Reached XP level 1. HP: 18/18 MP: 1/1
   519 | D:1      | Reached XP level 2. HP: 23/24 MP: 2/2
   545 | D:1      | Reached skill level 4 in Axes
   944 | D:1      | Reached XP level 3. HP: 29/29 MP: 3/3
  1330 | D:2      | Noticed Jessica
  1337 | D:2      | Killed Jessica
  1337 | D:2      | Reached skill level 5 in Axes
  1337 | D:2      | Reached XP level 4. HP: 31/36 MP: 4/4
  1356 | D:2      | Reached ** piety under Trog
  1401 | D:2      | Noticed Terence
  1417 | D:2      | Killed Terence
  1595 | D:2      | Found an ancient bone altar of Kikubaaqudgha.
  1766 | D:2      | Reached skill level 6 in Axes
  1845 | D:2      | Found a shadowy altar of Dithmenos.
  1862 | D:2      | Found a radiant altar of Vehumet.
  2066 | D:2      | Reached XP level 5. HP: 41/41 MP: 5/5
  2735 | D:3      | Reached *** piety under Trog
  3114 | D:3      | Reached skill level 7 in Axes
  3209 | D:4      | Noticed Robin
  3218 | D:4      | Killed Robin
  3218 | D:4      | Reached XP level 6. HP: 47/47 MP: 6/6
  3219 | D:4      | Noticed a phantom
  3298 | D:4      | Killed a phantom
  3546 | D:4      | Found a glowing golden altar of the Shining One.
  3554 | D:4      | Reached skill level 8 in Axes
  3933 | D:4      | Found a staircase to the Ecumenical Temple.
  3933 | D:4      | Found an ornate altar of the Wu Jian Council.
  3933 | D:4      | Noticed Stanislov's ghost (amateur HOFi)
  3950 | D:4      | Killed Stanislov's ghost
  3950 | D:4      | Reached **** piety under Trog
  3950 | D:4      | Reached XP level 7. HP: 52/52 MP: 7/7
  4058 | D:4      | Found an opulent altar of Gozag.
  4062 | D:4      | Found a glowing golden altar of the Shining One.
  4063 | D:4      | Found a deep blue altar of Sif Muna.
  4091 | D:4      | Found a blossoming altar of Fedhas.
  4099 | D:4      | Reached skill level 9 in Axes
  4258 | D:5      | Entered Level 5 of the Dungeon
  4266 | D:5      | Found an iron altar of Okawaru.
  4603 | D:5      | Found a shattered altar of Ashenzari.
  4670 | D:5      | Found a sand-covered staircase.
  4675 | Ossuary  | Entered an ossuary
  4954 | Ossuary  | Reached skill level 10 in Axes
  5041 | Ossuary  | Reached XP level 8. HP: 58/59 MP: 8/8
  5758 | D:5      | Found a glowing silver altar of Zin.
  6114 | D:6      | Found Zoin's Book Boutique.
  6356 | D:6      | Reached skill level 11 in Axes
  6595 | D:6      | Reached skill level 12 in Axes
  6891 | D:6      | Reached ***** piety under Trog
  7023 | D:6      | Reached XP level 9. HP: 60/64 MP: 9/9
  7796 | D:7      | Reached skill level 13 in Axes
  7802 | D:7      | Found a transporter.
  7803 | D:7      | Noticed a kobold demonologist
  7806 | D:7      | Noticed a kobold demonologist
  7808 | D:7      | Found a transporter.
  7971 | D:7      | Found Ditwiklae's Armour Shop.
  7994 | D:7      | Bought a +1 pair of boots of running for 511 gold pieces
  8422 | D:7      | Found a sacrificial altar of Ru.
  8821 | D:8      | Noticed a troll
  8831 | D:8      | Killed a troll
  8932 | D:8      | Noticed a two-headed ogre
  8943 | D:8      | Killed a two-headed ogre
  8943 | D:8      | Reached skill level 5 in Fighting
  8943 | D:8      | Reached XP level 10. HP: 74/74 MP: 10/10
  9048 | D:8      | Noticed a two-headed ogre
  9068 | D:8      | Killed a two-headed ogre
  9068 | D:8      | Reached skill level 14 in Axes
  9623 | D:8      | Noticed a two-headed ogre
  9649 | D:8      | Killed a two-headed ogre
  9869 | D:8      | Received a gift from Trog
  9912 | D:8      | Found a staircase to the Lair.
 10011 | D:8      | Found the cursed necklace of Bloodlust {*Rage +Rage MR++ Int-3 Slay+6 *Curse}
 10180 | D:9      | Found a staircase to the Orcish Mines.
 10202 | D:9      | Found Tousmus's Assorted Antiques.
 10202 | D:9      | Found a snail-covered altar of Cheibriados.
 10223 | D:9      | Reached XP level 11. HP: 56/84 MP: 3/11
 10429 | D:9      | Bought a glowing helmet for 165 gold pieces
 10458 | D:9      | Identified the Disquisition on Conjuration
 10775 | D:9      | Found Baanat's Book Boutique.
 10832 | D:10     | Entered Level 10 of the Dungeon
 10872 | D:10     | Noticed Stanislov's ghost (journeyman MiBe)
 10886 | D:10     | HP: 4/127 [Stanislov's ghost (18)]
 10887 | D:10     | Demolished by Stanislov's ghost

Skill      XL: |  1  2  3  4  5  6  7  8  9 10 |
---------------+-------------------------------+-----
Axes           | 4 5 6 7 8 10 12 13 14 | 14.5
Armour         | 6 9 |  9.8
Fighting       | 5 7 |  7.7
Dodging        | |  2.1

Action                   |  1- 3 |  4- 6 |  7- 9 | 10-12 || total
-------------------------+-------+-------+-------+-------++-------
Melee: Hand axe          |    77 |   302 |   190 |       ||   569
       Battleaxe         |       |       |   222 |   108 ||   330
       Executioner's axe |       |       |       |   100 ||   100
Invok: Berserk           |     1 |     5 |     8 |     4 ||    18
 Abil: Hop               |       |       |     2 |       ||     2
  Use: Potion            |       |       |     1 |       ||     1
       Scroll            |       |       |       |     2 ||     2
 Stab: Sleeping          |       |     2 |       |       ||     2
       Distracted        |       |     1 |       |       ||     1
  Eat: Chunk             |     1 |    15 |    15 |     9 ||    40
       Ration            |       |       |     3 |       ||     3
Armor: Animal skin       |    17 |     5 |       |       ||    22
       Plate armour      |       |   165 |   282 |   129 ||   576
Dodge: Dodged            |    46 |   120 |   160 |    83 ||   409
